Map: Deathaura LE

Players

Silky - Winner!

  • Race: Zerg Zerg
  • Spawn Location: 5:00

Namshar

  • Race: Zerg Zerg
  • League: Grandmaster
  • Spawn Location: 11:00

Event: DreamHack SC2 Masters 2020 Fall

VOD

Have the link to the VOD?

Description

Time

  • Played on: Sept. 1, 2020, 3:55 p.m.
  • Length: 13:29

All games in this series

Show
View Real Time Build Order
Export as new Build Order

Silky Zerg - Winner!

Build Orders: Hatch First, Zergling Baneling 

Get SALT Encoding   

  12  0:00  Drone  
  13  0:12  Overlord  
  13  0:16  Drone  
  14  0:30  Drone  
  14  0:31  Drone  
  16  0:47  Hatchery  
  15  0:51  Drone  
  15  0:54  Drone  
  17  0:57  Drone  
  18  1:09  Extractor  
  17  1:12  Spawning Pool  
  17  1:15  Drone  
  17  1:18  Drone  
  18  1:27  Drone  
  19  1:38  Drone  
  20  1:49  Drone  
  21  1:59  Drone, Queen x2  
  21  2:00  Overlord  
  26  2:09  Metabolic Boost  
  26  2:10  Drone x2  
  28  2:21  Drone x2  
  30  2:32  Hatchery  
  30  2:33  Zergling x2  
  30  2:38  Drone  
  30  2:41  Overlord  
  31  2:48  Baneling Nest  
  31  2:49  Drone  
  31  2:53  Drone  
  31  2:58  Drone  
  33  3:03  Drone  
  34  3:06  Drone  
  34  3:08  Zergling x6  
  34  3:09  Zergling x4  
  34  3:12  Extractor  
  39  3:13  Zergling x2  
  39  3:18  Drone x2  
  42  3:27  Overlord  
  42  3:32  Baneling x2  
  42  3:33  Zergling x2  
  43  3:40  Overlord  
  43  3:41  Zergling x2  
  43  3:44  Zergling x6  
  43  3:46  Baneling x4  
  42  3:56  Zergling x2  
  42  3:57  Zergling x10  
  42  4:02  Zergling x4  
  50  4:06  Zergling x2  
  50  4:10  Baneling  
  50  4:13  Zergling x4  
  50  4:14  Baneling x2  
  50  4:17  Zergling x12  
  54  4:22  Baneling x3  
  57  4:25  Zergling x4  
  57  4:26  Zergling x2  
  57  4:29  Zergling x2  
  60  4:33  Baneling x2  
  54  4:39  Zergling x6  
  53  4:46  Zergling x2  
  53  4:49  Baneling x2  
  53  4:50  Baneling  
  53  4:52  Zergling x6  
  56  4:53  Zergling x6  
  57  5:02  Zergling x2  
  57  5:03  Zergling x8  
  61  5:10  Baneling x2  
  61  5:11  Zergling x2  
  56  5:16  Baneling  
  56  5:20  Zergling x4  
  52  5:33  Zergling x8  
  51  5:38  Zergling x6  
  51  5:39  Zergling x8  
  53  5:50  Zergling x6  
  53  5:54  Baneling x5  
  55  5:57  Zergling x2  
  55  6:01  Zergling x4  
  55  6:02  Baneling  
  55  6:03  Baneling  
  58  6:05  Zergling x14  
  65  6:16  Baneling  
  65  6:17  Baneling  
  58  6:20  Zergling x4  
  56  6:27  Drone x2, Roach Warren  
  57  6:35  Drone x7  
  57  6:36  Drone  
  57  6:37  Baneling x3  
  53  6:48  Drone x2  
  53  6:49  Drone x3  
  53  6:51  Extractor  
  53  6:53  Extractor  
  56  6:56  Zergling x2  
  56  6:57  Evolution Chamber  
  56  6:59  Zergling x2  
  56  7:00  Zergling x2  
  52  7:04  Drone x4  
  55  7:09  Drone x3  
  58  7:19  Lair  
  58  7:21  Roach x4  
  65  7:24  Baneling x2  
  65  7:25  Drone  
  65  7:35  Baneling x2  
  65  7:44  Queen  
  65  7:55  Drone  
  65  7:56  Overlord x2  
  65  7:57  Zerg Missile Weapons Level 1  
  66  7:59  Overlord  
  66  8:00  Overlord  
  60  8:09  Drone x11  
  66  8:14  Overlord  
  66  8:15  Drone x2  
  66  8:18  Baneling x2  
  68  8:20  Glial Reconstitution  
  68  8:21  Drone  
  69  8:27  Drone x2  
  69  8:28  Overseer  
  69  8:30  Drone  
  69  8:32  Drone  
  73  8:36  Extractor  
  73  8:38  Drone, Extractor  
  71  8:41  Drone  
  71  8:46  Drone  
  71  8:47  Drone  
  71  8:48  Drone x3  
  72  8:53  Spire  
  71  8:56  Drone x2  
  71  8:59  Drone x2  
  71  9:00  Drone  
  76  9:03  Drone  
  76  9:04  Drone  
  76  9:09  Drone x3  
  81  9:17  Hatchery  
  81  9:19  Overlord  
  81  9:23  Roach x2  
  84  9:30  Overlord  
  84  9:32  Roach x3  
  84  9:35  Roach x2  
  84  9:36  Overseer  
  94  9:39  Roach x2  
  94  9:44  Roach  
  94  9:45  Roach x2  
  104  9:47  Overlord  
  104  9:50  Roach  
  104  9:51  Roach  
  110  9:52  Roach  
  110  9:57  Zerg Missile Weapons Level 2  
  110  9:58  Roach  
  110  9:59  Roach  
  114  10:05  Roach x2  
  114  10:06  Roach  
  120  10:09  Roach x2  
  120  10:11  Ravager x2  
  120  10:12  Ravager x4  
  130  10:16  Overlord  
  130  10:17  Overlord  
  130  10:23  Overlord  
  130  10:28  Overlord x2  
  130  10:31  Mutalisk x2  
  130  10:32  Mutalisk  
  136  10:36  Mutalisk x2  
  136  10:40  Roach x2  
  144  10:49  Roach x5  
  144  11:01  Roach  
  144  11:02  Roach x7  
  152  11:10  Overlord  
  150  11:12  Roach x4  
  150  11:13  Roach  
  150  11:16  Roach x2  
  164  11:19  Roach x2  
  161  11:26  Roach x3  
  156  11:33  Roach x2  
  160  11:41  Queen  
  160  11:43  Roach  
  160  11:44  Roach x6  
  174  11:50  Roach x2  
  174  11:51  Roach x2  
  176  11:56  Roach x3  
  176  11:57  Roach  
  172  12:04  Roach x2  
  172  12:08  Roach x2  
  160  12:11  Roach x2  
  160  12:12  Roach x3  
  164  12:20  Roach x5  
  168  12:26  Roach x3  
  162  12:34  Roach x4  
  158  12:40  Roach x5  
  152  12:45  Roach  
  152  12:46  Roach x2  
  152  12:48  Roach x2  
  144  12:53  Roach x2  
  144  12:54  Roach  
  144  12:57  Roach x2  
  142  12:59  Roach  
  142  13:00  Roach  
  142  13:02  Ravager x3  
  142  13:03  Ravager x2  
  142  13:04  Ravager x2  
  153  13:06  Roach  
  153  13:09  Roach x2  
Show
View Real Time Build Order
Export as new Build Order

Namshar Zerg 

Build Orders: Hatch First 

Get SALT Encoding   

  12  0:00  Drone  
  13  0:12  Overlord  
  13  0:16  Drone  
  14  0:30  Drone x2  
  16  0:47  Hatchery  
  15  0:51  Drone  
  15  0:54  Drone  
  17  0:57  Drone  
  18  1:08  Extractor  
  17  1:13  Spawning Pool  
  17  1:15  Drone  
  17  1:19  Drone  
  18  1:28  Drone  
  19  1:39  Drone  
  20  1:49  Drone  
  21  1:59  Drone, Queen  
  21  2:00  Queen, Overlord  
  26  2:10  Drone  
  26  2:11  Drone  
  26  2:14  Metabolic Boost  
  28  2:21  Drone x2  
  30  2:31  Hatchery  
  30  2:32  Drone  
  30  2:35  Drone  
  31  2:43  Queen  
  33  2:50  Overlord  
  33  2:52  Baneling Nest  
  33  2:55  Drone x2  
  34  3:02  Zergling x2  
  35  3:07  Overlord  
  35  3:08  Drone  
  35  3:09  Drone  
  35  3:10  Drone  
  35  3:12  Zergling x2  
  39  3:15  Zergling x2  
  39  3:17  Evolution Chamber  
  39  3:21  Drone x2  
  41  3:28  Zergling x2  
  41  3:29  Drone x2  
  44  3:35  Zergling x2  
  44  3:36  Baneling x2  
  45  3:42  Zergling x6  
  48  3:49  Drone  
  48  3:50  Drone  
  48  3:54  Baneling  
  49  4:00  Overlord  
  49  4:01  Drone x4  
  49  4:02  Extractor  
  50  4:15  Zergling x4  
  50  4:16  Zergling x14  
  57  4:18  Queen  
  57  4:21  Zergling x6  
  60  4:34  Evolution Chamber, Baneling x2  
  50  4:48  Zergling x2  
  50  4:49  Zergling x10  
  50  4:50  Zergling x16  
  59  4:54  Queen x2  
  62  5:03  Queen  
  64  5:07  Baneling x2  
  64  5:08  Baneling x2  
  64  5:14  Zergling x12  
  54  5:26  Drone  
  54  5:27  Drone x3  
  41  5:32  Zergling x4  
  38  5:41  Zergling x6  
  41  5:49  Zergling x2  
  43  5:50  Zergling x6  
  43  5:54  Baneling x2  
  43  6:00  Baneling x2  
  43  6:02  Zerg Ground Armor Level 1  
  42  6:18  Baneling x2  
  42  6:20  Drone  
  42  6:21  Drone x6  
  48  6:26  Baneling x2  
  48  6:37  Baneling  
  45  6:47  Drone x7  
  45  6:53  Baneling  
  47  7:03  Zergling x12  
  47  7:06  Baneling x2  
  47  7:18  Zergling x8  
  47  7:22  Roach Warren  
  50  7:25  Drone x5  
  55  7:37  Overlord x3  
  53  7:45  Drone  
  53  7:46  Drone x2  
  55  7:53  Drone x5  
  59  8:03  Extractor  
  57  8:10  Roach x8  
  57  8:12  Zerg Missile Weapons Level 1  
  71  8:23  Drone x4  
  71  8:25  Extractor  
  74  8:27  Lair  
  74  8:37  Drone x9  
  74  8:40  Extractor  
  82  8:46  Drone x2  
  72  8:49  Drone x4  
  72  8:54  Drone  
  76  8:55  Drone  
  76  8:56  Drone  
  76  8:59  Extractor  
  76  9:02  Drone  
  78  9:03  Drone x3  
  78  9:07  Drone x4  
  85  9:11  Pneumatized Carapace  
  85  9:20  Hatchery  
  84  9:25  Evolution Chamber  
  84  9:26  Glial Reconstitution  
  84  9:29  Overlord  
  83  9:33  Roach x3  
  83  9:36  Ravager  
  83  9:38  Overlord x2  
  90  9:41  Overseer  
  90  9:52  Ravager x3  
  93  9:53  Overlord x2  
  93  9:57  Roach x2  
  97  10:02  Roach  
  97  10:03  Roach x2  
  97  10:05  Roach x4  
  97  10:06  Overlord  
  111  10:13  Roach, Hydralisk Den  
  111  10:14  Roach  
  114  10:28  Roach x8  
  130  10:41  Roach x6  
  134  10:58  Roach x5  
  134  11:03  Zerg Missile Weapons Level 2  
  132  11:06  Drone x9  
  141  11:13  Spore Crawler  
  141  11:14  Spore Crawler x2  
  141  11:15  Spore Crawler  
  124  11:38  Drone x10  
  127  11:44  Drone  
  129  11:51  Tunneling Claws  
  129  11:52  Burrow  
  129  11:53  Overlord x2  
  121  12:07  Roach x5  
  112  12:14  Roach  
  112  12:15  Roach x3  
  110  12:20  Roach x2  
  107  12:29  Roach x3  
  101  12:40  Roach x2  
  100  12:46  Roach  
  100  12:48  Roach  
  96  12:55  Roach x2  
  94  13:03  Roach x15  
  94  13:04  Roach  
  94  13:05  Roach x2  
  100  13:06  Ravager  
  100  13:07  Ravager x2  
  100  13:08  Roach  
  105  13:15  Spore Crawler  

Tags
 
Add a new tag
Caveats
  • Supply blocks, unpowered buildings, or Contaminate may cause inaccurate times.
  • Supply counts are checked every 10 seconds.